Map: Prion Terraces

Players

TheNoob - Winner!

  • Race: Zerg Zerg
  • League: Platinum

LilDicky

  • Race: Terran Terran
  • League: Diamond

VOD

http://www.twitch.tv/tumescentpie

Description

Time

  • Played on: Dec. 1, 2015, 10:29 a.m.
  • Length: 14:58
Show
View Real Time Build Order
Export as new Build Order

TheNoob Zerg - Winner!

Build Orders: Pool First, Muta Ling Bane 

Get SALT Encoding   

  12  0:01  Drone  
  13  0:23  Spawning Pool  
  13  0:25  Drone  
  13  0:29  Drone  
  13  0:33  Extractor  
  13  0:36  Drone  
  14  0:44  Overlord  
  14  1:10  Queen, Zergling x6  
  19  1:21  Zergling x2  
  20  1:34  Metabolic Boost  
  20  1:37  Drone  
  21  1:42  Overlord  
  21  2:01  Hatchery  
  21  2:05  Drone  
  21  2:09  Drone  
  21  2:16  Drone  
  22  2:26  Drone  
  22  2:27  Drone x2  
  24  2:38  Drone  
  25  2:45  Queen  
  25  2:50  Drone  
  28  2:56  Drone  
  29  3:10  Drone  
  29  3:11  Overlord x2  
  30  3:16  Queen  
  30  3:17  Spine Crawler  
  30  3:19  Drone  
  32  3:25  Drone x2  
  34  3:33  Drone x2  
  36  3:35  Drone  
  37  4:03  Overlord x2  
  37  4:04  Drone x4  
  37  4:05  Lair  
  37  4:08  Drone  
  37  4:09  Baneling Nest  
  41  4:10  Extractor  
  41  4:13  Drone  
  41  4:20  Zergling x4  
  41  4:21  Zergling x4  
  45  4:25  Drone x2  
  45  4:27  Zergling x4  
  49  4:38  Drone, Spore Crawler  
  49  4:39  Drone  
  49  4:41  Spore Crawler  
  49  4:43  Drone  
  50  5:03  Drone x3, Extractor  
  50  5:04  Drone x4  
  50  5:05  Extractor  
  55  5:08  Zergling x4  
  57  5:17  Hatchery  
  57  5:20  Spire  
  54  5:43  Drone  
  54  5:44  Drone x3  
  54  5:46  Drone  
  54  5:48  Drone x3  
  54  5:49  Evolution Chamber  
  61  5:50  Evolution Chamber  
  61  5:51  Centrifical Hooks, Zergling x6  
  63  6:05  Drone  
  63  6:06  Drone x2  
  63  6:15  Drone x3  
  63  6:16  Drone  
  63  6:17  Overlord x3  
  67  6:22  Zerg Ground Armor Level 1, Zerg Melee Weapons Level 1  
  66  6:28  Overlord x2  
  65  6:33  Zerg Flyer Weapons Level 1, Mutalisk  
  65  6:36  Extractor x2  
  65  6:40  Mutalisk x2  
  65  6:45  Overseer  
  65  6:46  Pneumatized Carapace  
  69  6:51  Drone x2  
  69  6:52  Drone x3  
  74  6:56  Drone x3  
  77  7:06  Mutalisk x2  
  81  7:08  Drone  
  81  7:09  Drone  
  83  7:19  Mutalisk x2  
  83  7:22  Hatchery  
  86  7:25  Mutalisk  
  86  7:26  Mutalisk  
  90  7:37  Zergling x2  
  90  7:38  Zergling x14  
  90  7:43  Zergling x2  
  99  7:51  Mutalisk x3  
  99  7:57  Mutalisk  
  107  8:00  Mutalisk  
  107  8:05  Mutalisk  
  111  8:15  Mutalisk  
  113  8:32  Mutalisk  
  113  8:33  Mutalisk  
  113  8:34  Zergling x6  
  113  8:35  Zergling x8  
  113  8:39  Overlord x3  
  113  8:40  Zerg Melee Weapons Level 2  
  120  8:47  Mutalisk x2  
  112  8:49  Zergling x6  
  112  8:50  Mutalisk  
  118  8:55  Zergling x2  
  118  9:05  Mutalisk  
  118  9:06  Mutalisk  
  122  9:10  Zergling x6  
  122  9:11  Zergling x2  
  122  9:15  Zergling x6  
  122  9:16  Zerg Ground Armor Level 2  
  129  9:18  Drone x3  
  129  9:19  Drone x2  
  134  9:25  Zergling x2  
  134  9:26  Infestation Pit, Zergling x2  
  134  9:28  Zergling x6  
  128  9:36  Baneling x2  
  128  9:37  Baneling x7  
  128  9:38  Extractor  
  115  9:39  Zergling x12  
  115  9:40  Extractor  
  115  9:41  Zergling x4  
  117  9:46  Zergling x4  
  96  9:53  Zergling x4  
  96  9:58  Zergling x4  
  97  10:02  Hive  
  97  10:03  Zergling x4  
  97  10:10  Zergling x4  
  93  10:22  Zergling x2  
  93  10:23  Zergling x6  
  93  10:25  Mutalisk  
  93  10:26  Mutalisk  
  94  10:34  Drone  
  94  10:35  Drone x3  
  98  10:38  Zerg Flyer Weapons Level 2  
  98  10:43  Baneling x5  
  98  10:44  Baneling x3  
  98  10:45  Zergling x10  
  98  10:46  Zergling x2  
  98  10:48  Zergling x2  
  98  10:49  Hatchery  
  107  10:55  Zergling x4  
  103  10:59  Drone x2  
  103  11:01  Drone  
  103  11:03  Hatchery  
  97  11:07  Zergling x6  
  97  11:08  Zergling x8  
  97  11:09  Mutalisk  
  97  11:10  Zergling x2  
  97  11:12  Zergling x2  
  97  11:13  Queen x2  
  97  11:14  Queen  
  97  11:16  Zergling x8  
  105  11:19  Adrenal Glands  
  105  11:22  Ultralisk Cavern  
  104  11:28  Zerg Melee Weapons Level 3  
  104  11:32  Drone x5  
  109  11:35  Spore Crawler  
  109  11:36  Drone x2, Spore Crawler x3  
  109  11:37  Spore Crawler  
  109  11:39  Drone  
  107  11:43  Zerg Ground Armor Level 3  
  107  11:45  Baneling x5  
  107  11:46  Baneling x2  
  107  11:47  Mutalisk x2  
  107  11:50  Zergling x4  
  113  11:58  Drone x2  
  113  11:59  Drone x4  
  119  12:03  Zergling x2  
  119  12:06  Zergling x6  
  123  12:09  Zergling x6  
  123  12:10  Baneling x4  
  123  12:11  Baneling  
  123  12:12  Zergling x2  
  123  12:13  Zergling x2  
  128  12:25  Chitinous Plating  
  128  12:29  Mutalisk  
  130  12:30  Ultralisk  
  136  12:43  Zergling x4  
  136  12:44  Zergling x14  
  136  12:45  Zergling x4  
  136  12:46  Zergling x2  
  143  12:51  Zergling x2  
  143  12:52  Zergling x10  
  143  12:54  Zergling x2  
  143  12:57  Zergling x6  
  147  13:02  Zergling x4  
  149  13:12  Ultralisk  
  155  13:14  Overlord  
  155  13:15  Overlord x3  
  155  13:34  Ultralisk  
  155  13:35  Ultralisk x2, Extractor  
  155  13:39  Ultralisk  
  178  13:42  Extractor  
  178  13:47  Baneling x14  
  177  13:49  Zergling x4  
  179  13:58  Zergling x6  
  180  14:05  Zergling x8  
  180  14:06  Zergling x10  
  186  14:22  Zergling x2  
  187  14:35  Drone  
  187  14:39  Overlord x3  
Show
View Real Time Build Order
Export as new Build Order

LilDicky Terran 

Build Orders:  

Get SALT Encoding   

  12  0:01  SCV  
  13  0:13  SCV  
  14  0:18  Supply Depot  
  14  0:26  SCV  
  15  0:31  Refinery  
  15  0:39  SCV  
  16  0:45  Barracks  
  16  0:53  SCV  
  17  1:05  SCV  
  18  1:17  SCV  
  19  1:29  SCV  
  21  1:34  Reaper  
  21  1:38  Command Center  
  21  1:46  Orbital Command  
  21  2:07  Factory  
  20  2:10  Refinery  
  20  2:16  Supply Depot  
  20  2:23  Marine  
  20  2:28  Command Center  
  20  2:42  Barracks Tech Lab  
  20  2:45  SCV  
  21  2:57  SCV  
  21  3:14  Marine  
  22  3:20  Siege Tank  
  22  3:24  SCV  
  26  3:33  Marine  
  27  3:51  Command Center  
  27  3:52  Siege Tank  
  30  4:07  SCV  
  31  4:11  Barracks Reactor  
  31  4:14  Orbital Command  
  31  4:15  Starport  
  31  4:19  SCV  
  32  4:31  SCV, Siege Tank  
  35  4:35  Liberator  
  36  4:39  SCV  
  36  4:43  SCV  
  38  4:49  Marine  
  38  4:50  Marine  
  40  4:57  SCV x2  
  45  5:01  Supply Depot  
  45  5:05  Orbital Command  
  45  5:09  SCV  
  45  5:12  Supply Depot, SCV  
  47  5:21  Siege Tank  
  50  5:22  SCV, Marine  
  52  5:31  Supply Depot  
  52  5:38  Orbital Command  
  52  5:41  SCV x2  
  54  5:45  Barracks  
  54  5:46  Barracks  
  54  5:53  SCV x2  
  56  6:04  SCV  
  57  6:05  SCV  
  55  6:13  Siege Tank  
  58  6:23  SCV x2  
  58  6:24  Refinery x2  
  60  6:31  SCV  
  61  6:35  Supply Depot, SCV  
  61  6:37  Supply Depot  
  61  6:39  SCV  
  63  6:40  Engineering Bay x2  
  63  6:43  SCV  
  63  6:46  Refinery  
  64  6:48  SCV, Refinery  
  64  6:51  SCV  
  64  6:53  Supply Depot  
  66  6:55  SCV  
  66  6:59  Supply Depot  
  67  7:03  Barracks Tech Lab x2  
  67  7:08  Terran Infantry Weapons Level 1, Terran Infantry Armor Level 1  
  67  7:09  Barracks  
  67  7:11  Barracks  
  67  7:14  SCV  
  67  7:15  SCV x2, Missile Turret, Barracks Reactor  
  70  7:21  Missile Turret, Liberator x2  
  70  7:25  Missile Turret  
  70  7:31  SCV x2  
  70  7:35  Stimpack  
  70  7:36  Combat Shields  
  72  7:39  Siege Tank  
  72  7:40  Marine x2  
  83  7:51  Supply Depot  
  83  7:58  Marine x2  
  83  8:02  Missile Turret  
  82  8:06  Marine x4  
  82  8:11  Siege Tank  
  88  8:16  Marine  
  88  8:17  Marauder  
  90  8:24  Marine x4  
  93  8:31  SCV x2  
  93  8:34  Marine  
  95  8:37  Marine  
  95  8:41  Armory, Missile Turret  
  97  8:42  Missile Turret, Marine x4  
  97  8:43  Liberator x2  
  95  9:00  Missile Turret, Marine  
  95  9:01  Siege Tank, Missile Turret, Marine  
  106  9:05  Concussive Shells  
  101  9:18  SCV  
  101  9:19  SCV  
  101  9:23  Missile Turret, Marine  
  101  9:24  Missile Turret x2, Marauder  
  106  9:25  Liberator  
  104  9:51  Marine x2  
  104  9:52  Marauder x2, Marine x2  
  80  10:09  Marine x2  
  80  10:10  Marine  
  80  10:11  Missile Turret  
  80  10:12  Terran Infantry Weapons Level 2, Missile Turret, Terran Infantry Armor Level 2  
  80  10:14  Marauder x2  
  85  10:21  Command Center  
  85  10:25  Marine  
  85  10:27  Marine  
  84  10:35  Marauder x2, Marine x2  
  90  10:43  Missile Turret, Marine  
  90  10:45  SCV x3  
  90  10:47  Marine  
  95  10:53  Marine  
  97  10:57  SCV x2  
  97  11:09  Marine x2  
  80  11:14  Marine x4  
  73  11:27  Missile Turret, Marine x2  
  73  11:29  Siege Tank  
  73  11:30  Medivac x2  
  73  11:32  Marine x4  
  86  11:35  SCV x2  
  88  11:45  Marine  
  90  11:49  Marine  
  90  11:50  Marauder, Marine  
  90  11:53  Starport  
  95  11:55  Missile Turret  
  95  11:57  Barracks Reactor  
  95  11:58  Barracks Reactor  
  95  12:00  Factory  
  93  12:02  Planetary Fortress, Barracks  
  93  12:03  Barracks, Marine  
  93  12:06  Supply Depot  
  93  12:07  Marine  
  97  12:08  Supply Depot, Marauder  
  97  12:11  Supply Depot  
  97  12:12  Marauder  
  99  12:15  Missile Turret  
  99  12:16  SCV x2, Refinery  
  99  12:17  Refinery  
  99  12:20  Marine  
  102  12:25  Marine  
  92  12:45  SCV x4  
  92  12:50  Marine x2  
  92  12:51  Marauder  
  100  12:56  Siege Tank, Marine x2  
  100  12:57  SCV x4  
  106  12:59  Factory Tech Lab  
  106  13:02  Marine, Starport Reactor  
  106  13:03  Marine  
  106  13:04  Medivac x2  
  112  13:09  SCV  
  112  13:10  Marine x3  
  112  13:11  Marine x2  
  112  13:12  SCV x3, Marauder  
  123  13:20  Marine x2  
  123  13:26  Command Center, Siege Tank, Marine x2  
  130  13:28  Marine x2  
  130  13:29  Siege Tank, Marauder  
  137  13:38  Missile Turret x2  
  137  13:40  Marine x2  
  137  13:41  Marauder  
  141  13:46  Marine x2  
  143  13:50  Marauder  
  143  13:51  Marine x2  
  143  13:52  Marine  
  143  13:55  SCV, Liberator  
  149  13:56  Liberator x3  
  149  13:58  Siege Tank  
  149  14:02  Marauder  
  129  14:10  Marine  
  129  14:11  Marine x2  
  129  14:12  Marauder  
  146  14:23  Marauder  
  136  14:33  Marine x6  
  136  14:34  Marauder  
  136  14:36  Marine x2  
Tags
 
Add a new tag
Caveats
  • Supply blocks, unpowered buildings, or Contaminate may cause inaccurate times.
  • Supply counts are checked every 10 seconds.